 Dungeon Crawl Stone Soup version 0.28.0-47-ge53b351184 (webtiles) character file.

Game seed: 10944082355108479218

3007 101zpm the Thaumaturge (level 10, -6/62 HPs)
             Began as a Djinni Fire Elementalist on May 1, 2022.
             Was a Follower of Nemelex Xobeh.
             Killed by an exploding orc (15 damage)
             ... ignited by their inner flame
             ... on level 9 of the Dungeon.
             The game lasted 00:18:22 (7955 turns).

101zpm the Thaumaturge (Djinni Fire Elementalist)   Turns: 7955, Time: 00:18:23

Health: -6/62      AC:  3    Str:  7    XL:     10   Next: 10%
Gold:   164        EV: 13    Int: 20    God:    Nemelex Xobeh [*.....] SH:  0 Dex: 15

rFire   + + .      SeeInvis .   (no weapon)
rCold   x . .      Faith    .   (no shield)
rNeg    . . .      Spirit   .   a - +0 robe
rPois   ∞          Reflect  .   (no helmet)
rElec   .          Harm     .   l - +0 cloak
rCorr   .          Rampage  .   (no gloves)
Will    +....                   (boots unavailable)
Stlth   ++........              (no amulet)
HPRegen 0.20/turn               (no ring)
MPRegen 0.00/turn               (no ring)

@: flying
A: sickness immunity, fire resistance 2, cold vulnerability 1, float, innate
caster, HP casting, extra vitality 1
a: Renounce Religion, Draw Escape, Draw Destruction, Draw Summoning


You were on level 9 of the Dungeon.
You worshipped Nemelex Xobeh.
Nemelex Xobeh was aware of your devotion.
You visited 2 branches of the dungeon, and saw 10 of its levels.

You collected 164 gold pieces.

Inventory:

Missiles
 n - 2 throwing nets
Armour
 a - a +0 robe (worn)
 j - an orb of wrath
 l - a +0 cloak (worn)
Wands
 d - a wand of mindburst (25)
Scrolls
 c - a scroll of blinking {unknown}
 e - a scroll of fog {unknown}
 f - a scroll of noise {unknown}
 g - 3 scrolls of identify {unknown}
 i - a scroll of enchant armour {unknown}
 m - a scroll of silence {unknown}
Potions
 b - 2 potions of brilliance {unknown}
 h - 5 potions of curing {unknown}
 k - 4 potions of heal wounds {unknown}
 o - a potion of cancellation {unknown}
 p - a potion of degeneration {unknown}
 q - a potion of ambrosia {unknown}
 r - a potion of haste {unknown}


   Skills:
 + Level 1.0 Fighting
 + Level 3.2 Dodging
 + Level 3.1 Stealth
 + Level 10.1 Spellcasting


You had 7 spell levels left.
You knew the following spells:

 Your Spells              Type           Power      Damage    Failure   Level
a - Foxfire               Conj/Fire      100%       2x1d9     1%          1
b - Scorch                Fire           100%       2d10      1%          2
c - Conjure Flame         Conj/Fire      50%        6-21      1%          3
d - Inner Flame           Hex/Fire       50%        N/A       1%          3
e - Flame Wave            Conj/Fire      50%        2d10      1%          4
f - Slow                  Hex            100%       N/A       1%          1
g - Call Imp              Summ           50%        N/A       1%          2
h - Corpse Rot            Necr/Air       100%       N/A       1%          2
i - Sticky Flame          Conj/Fire      50%        2d7       1%          4
Your spell library was empty.

Dungeon Overview and Level Annotations

Branches:
Dungeon (9/15)             Temple (1/1) D:6
   Lair: D:8-11         Orc: D:9-12

Altars:
Cheibriados
Dithmenos
Elyvilon
Fedhas
Gozag
Hepliaklqana
Kikubaaqudgha
Makhleb
Nemelex Xobeh
Okawaru
Qazlal
Ru
Sif Muna
Trog
Uskayaw
Vehumet
Wu Jian
Xom
The Shining One


Innate Abilities, Weirdness & Mutations

You are immune to sickness and miasma.
You are immune to poison.
Your flesh is very heat resistant. (rF++)
You are vulnerable to cold. (rC-)
You float through the air rather than walking.
You learn spells naturally, not from books.
Your magical power is your life essence.
You have superior vitality. (+4 MHP)


Message History

Aim: a warg (chance to affect: 84%)
The warg is filled with an inner flame.
* * * LOW HITPOINT WARNING * * *
Casting: Inner Flame (safe; 1% risk of failure)
Confirm with . or Enter, or press ? or * to list all spells.
Flames lash the warg.
Flame seeps out of the warg.
The warg is moderately wounded.
The warg's fire resistance burns away.
* * * LOW HITPOINT WARNING * * *
The warg is engulfed in blazing flames.
Flame seeps out of the warg.
Casting: Scorch (safe; 1% risk of failure)
Confirm with . or Enter, or press ? or * to list all spells.
Flames lash the warg.
The warg is burned terribly!
* * * LOW HITPOINT WARNING * * *
The warg explodes!
You start resting.
An orc comes into view. It is wielding a +0 club.
Casting: Scorch (safe; 1% risk of failure)
Confirm with . or Enter, or press ? or * to list all spells.
Aiming: Inner Flame (safe; 1% risk of failure)
Press: ? - help, Dir - move target, f - orc
Aim: an orc, wielding a +0 club and wearing a +0 leather armour (chance to affect: 98%)
The orc is filled with an inner flame.
* * * LOW HITPOINT WARNING * * *
An orc comes into view. It is wielding a +0 hand axe.
Casting: Foxfire (safe; 1% risk of failure)
Press: ? - help, Q - select action, (/) - cycle Dir - look around, f - activate You conjure some foxfire!
* * * LOW HITPOINT WARNING * * *
The foxfire hits the orc.
Flame seeps out of the orc.
The orc is heavily wounded.
The foxfire hits the orc.
Flame seeps out of the orc.
The orc is severely wounded.
The orc is engulfed in blazing flames.
The orc explodes!
The fiery explosion engulfs the kobold!!
You kill the kobold!
The fiery explosion engulfs you! You resist.
You die...
Your body disappears without a glow.

### ####..
.....#####
##o........
.)§§[.....
#§§.......
#○§○).....
#####§@#
#....○##
....#####
##


You could see an orc.

Vanquished Creatures
  A gargoyle (D:8)
  3 wargs (D:9)
  A water moccasin (D:7)
  An orc warrior (D:7)
  2 sky beasts
  A black bear (D:6)
  3 ogres
  A centaur (D:6)
  A phantom (D:4)
  4 kobold brigands
  A bullfrog (D:7)
  2 scorpions
  A gnoll sergeant (D:7)
  A wyvern skeleton (D:7)
  8 wights (D:8)
  4 howler monkeys
  An orc priest (D:5)
  A jelly (D:6)
  3 hounds
  3 bullfrog skeletons
  An iguana (D:5)
  2 orc wizards
  4 gnolls (D:7)
  A howler monkey zombie (D:7)
  2 adders
  A howler monkey skeleton (D:7)
  A white imp (D:7)
  An adder skeleton (D:4)
  A worm (D:4)
  A dart slug (D:1)
  6 orcs
  A bat (D:1)
  2 endoplasms
  A giant cockroach (D:2)
  2 goblins
  2 hobgoblins
  6 jackals
  19 kobolds
  4 rats (D:3)
101 creatures vanquished.

Vanquished Creatures (collateral kills)
  2 kobolds (D:7)
  2 foxfires (D:6)
4 creatures vanquished.

Vanquished Creatures (others)
  474 foxfires
  11 plants
485 creatures vanquished.

Grand Total: 590 creatures vanquished

Notes
Turn   | Place    | Note
-------+----------+-------------------------------------------
     0 | D:1      | 101zpm the Djinni Fire Elementalist began the quest for the
                  | Orb.
     0 | D:1      | Reached XP level 1. HP: 15/15 MP: 0/0
   415 | D:1      | Reached XP level 2. HP: 13/21 MP: 0/0
   807 | D:2      | Noticed an ogre
   814 | D:2      | Killed an ogre
   815 | D:2      | Reached skill level 3 in Spellcasting
   815 | D:2      | Reached XP level 3. HP: 17/25 MP: 0/0
   815 | D:2      | Learned a level 1 spell: Slow
   815 | D:2      | Reached XP level 4. HP: 21/31 MP: 0/0
  1112 | D:3      | Reached XP level 5. HP: 30/35 MP: 0/0
  1112 | D:3      | Learned a level 2 spell: Call Imp
  1533 | D:4      | Reached skill level 4 in Spellcasting
  1714 | D:4      | Noticed an ogre
  1718 | D:4      | Killed an ogre
  1719 | D:4      | Reached XP level 6. HP: 33/40 MP: 0/0
  2344 | D:4      | Reached skill level 5 in Spellcasting
  2862 | D:5      | Entered Level 5 of the Dungeon
  2900 | D:5      | Noticed a sky beast
  2905 | D:5      | Reached XP level 7. HP: 26/45 MP: 0/0
  2905 | D:5      | Learned a level 2 spell: Corpse Rot
  2925 | D:5      | Reached skill level 6 in Spellcasting
  3322 | D:6      | Reached XP level 8. HP: 27/50 MP: 0/0
  4000 | D:6      | Found a staircase to the Ecumenical Temple.
  4004 | D:6      | Reached skill level 7 in Spellcasting
  4134 | Temple   | Entered the Ecumenical Temple
  4410 | Temple   | Became a worshipper of Nemelex Xobeh the Trickster
  4883 | D:7      | Reached skill level 8 in Spellcasting
  4884 | D:7      | Reached XP level 9. HP: 39/55 MP: 0/0
  4884 | D:7      | Learned a level 4 spell: Sticky Flame
  5028 | D:7      | Found a shadowy altar of Dithmenos.
  5238 | D:7      | Found an opulent altar of Gozag.
  6494 | D:6      | Found a burning altar of Makhleb.
  6494 | D:6      | Found a bloodstained altar of Trog.
  6494 | D:6      | Found a white marble altar of Elyvilon.
  6545 | D:6      | Reached * piety under Nemelex Xobeh
  6552 | D:6      | Found a hazy altar of Hepliaklqana.
  6670 | D:6      | Received a gift from Nemelex Xobeh
  6808 | D:6      | Reached skill level 9 in Spellcasting
  7672 | D:8      | Noticed a gargoyle
  7680 | D:8      | Killed a gargoyle
  7942 | D:9      | Reached XP level 10. HP: 25/61 MP: 0/0
  7947 | D:9      | Reached skill level 1 in Fighting
  7947 | D:9      | Reached skill level 10 in Spellcasting
  7955 | D:9      | Killed by an exploding orc... ignited by their inner flame

Illustrated notes

Levels and vault maps discovered:
D:1:      dpeg_arrival_radiant, layout_loops_ring, st_stairs_13,
          minmay_pentomino_o4
D:2:      layout_loops_ring, serial_shops, shop,
          shapermc_ecumenical_altar_hornbeckon
D:3:      layout_loops_cross, minmay_pentangle, uniq_sigmund
D:4:      layout_basic
D:5:      layout_rooms, grunt_ministairs_7, minmay_small_thing
D:6:      layout_loops_ring, minmay_overflow_temple_hex,
          minmay_temple_entry_overgrown
D:7:      layout_loops_corners, grunt_gozag_breadcrumbs,
          overflow_temple_1_default
D:8:      cheibrodos_statue_roulette, layout_basic, cheibrodos_ashenzari_chains,
          nrook_campfire, uniq_harold, uniq_joseph
D:9:      layout_rooms, mainiacjoe_overflow_boulevard,
          lemuel_mausoleum_altar_yredelemnul, erik_lair_orcish_takeover
Temple:   minmay_temple_curvy_loop

Skill      XL: |  1  2  3  4  5  6  7  8  9 10 |
---------------+-------------------------------+-----
Spellcasting   | 3 4 5 6 8 9 10 | 10.1
Stealth        | 2 3 |  3.1
Dodging        | 3 |  3.2
Fighting       | 1 |  1.0

Action                   |  1- 3 |  4- 6 |  7- 9 | 10-12 || total
-------------------------+-------+-------+-------+-------++-------
 Cast: Foxfire           |    38 |    83 |   184 |     2 ||   307
       Scorch            |     3 |     6 |    26 |     4 ||    39
       Inner Flame       |       |    18 |    54 |     3 ||    75
       Call Imp          |       |     4 |     3 |       ||     7
Armor: Robe              |     1 |     1 |     4 |       ||     6
Dodge: Dodged            |     1 |     1 |    10 |       ||    12
